 Dungeon Crawl Stone Soup version 0.26-a0-639-g72c4674329 (webtiles) character file.

Game seed: 16794092691107020492

113 ANON1729 the Skirmisher (level 4, -3/29 HPs)
             Began as a Gargoyle Fighter on Sept 15, 2020.
             Killed from afar by an orc wizard (8 damage)
             ... with a puff of flame
             ... on level 3 of the Dungeon.
             The game lasted 00:01:58 (2063 turns).

ANON1729 the Skirmisher (Gargoyle Fighter)          Turns: 2063, Time: 00:01:58

Health: -3/29      AC: 10    Str: 21    XL:     4   Next: 96%
Magic:  4/4        EV:  7    Int:  8    God:
Gold:   245        SH:  9    Dex:  9    Spells: 3/3 levels left

rFire    . . .     SeeInvis .   a - +0 long sword
rCold    . . .     Faith    .   c - +0 kite shield
rNeg     + . .     Spirit   .   b - +0 scale mail
rPois    ∞         Reflect  .   (no helmet)
rElec    +         Harm     .   (no cloak)
rCorr    .         Rampage  .   (no gloves)
MR       .....                  (no boots)
Stlth    ..........             (no amulet)
HPRegen  0.09/turn              (no ring)
MPRegen  0.09/turn              (no ring)

@: no status effects
A: negative energy resistance 1, electricity resistance, unbreathing,
petrification resistance, rot immunity, AC +3
a: no special abilities


You were on level 3 of the Dungeon.
You visited 1 branch of the dungeon, and saw 3 of its levels.

You collected 245 gold pieces.

Inventory:

Hand Weapons
 a - a +0 long sword (weapon)
Armour
 b - a +0 scale mail (worn)
 c - a +0 kite shield (worn)
Jewellery
 m - an uncursed ring of wizardry {unknown}
 n - an uncursed amulet of guardian spirit {unknown}
Scrolls
 e - 6 scrolls of remove curse {unknown}
 g - a scroll of fear {unknown}
 i - 3 scrolls of teleportation {unknown}
 j - 4 scrolls of identify {unknown}
 k - 4 scrolls of fog {unknown}
 p - a scroll of amnesia {unknown}
Potions
 d - 6 potions of might
 f - a potion of degeneration {unknown}
 h - a potion of lignification {unknown}
 l - a potion of haste {unknown}
 o - a potion of curing {unknown}


   Skills:
 + Level 4.2 Fighting
 + Level 2.7 Long Blades
 + Level 4.1 Armour
 - Level 4.0 Shields


You had 3 spell levels left.
You didn't know any spells.
Your spell library contained the following spells:

 Spells                   Type           Power        Failure   Level
 Corona                   Hex            #......      99%         1
 Ensorcelled Hibernation  Hex/Ice        #.....       100%        2
 Confusing Touch          Hex            #.......     100%        3
 Dazzling Flash           Conj/Hex       #.....       100%        3
 Tukima's Dance           Hex            #.......     100%        3


Dungeon Overview and Level Annotations

Branches:
Dungeon (3/15)

Altars:
Okawaru
Vehumet


Innate Abilities, Weirdness & Mutations

You are resistant to torment.
Your stone body is resilient. (AC +3)
You are immune to poison.
You resist negative energy. (rN+)
You are resistant to electric shocks. (rElec)
You can survive without breathing.
You are immune to petrification.
You are immune to rotting.


Message History

You closely miss the orc wizard.
The orc wizard is severely wounded.
You block the orc wizard's attack.
The orc wizard hits you but does no damage.
You closely miss the orc wizard.
The orc wizard is severely wounded.
The orc wizard casts a spell at you. The puff of flame hits you.
* * * LOW HITPOINT WARNING * * *
The orc wizard hits you but does no damage.
You barely miss the orc wizard.
The orc wizard is severely wounded.
You block the orc wizard's attack. The orc wizard closely misses you.
You closely miss the orc wizard.
The orc wizard is severely wounded.
The orc wizard is no longer moving quickly.
The orc wizard barely misses you. The orc wizard casts a spell at you.
The puff of flame hits you!
You die...

.### . .........#... ...##
..>............#.. ....###
...................
......######.....................
......##......####...............
............................. ...
.....<#..###### #..##.##.##....
.....##......######o......().....
#...###.#.......@ooK....(..##....
................####.......# ..
........#.###....####......##..>.
........#.....#.....#......##....
###.#########.....#...........#.#
#...## #...................#
###..## #....................
##..# #####.#.#............ ##.#
#.#.........(....


You could see an orc wizard, 2 orcs and a kobold.

Vanquished Creatures
  A hound (D:3)
  2 adders (D:2)
  A white imp (D:2)
  An ooze (D:2)
  A dart slug (D:1)
  2 leopard geckos
  2 orcs (D:3)
  A ball python (D:1)
  3 bats (D:1)
  3 giant cockroaches (D:2)
  4 goblins (D:2)
  8 hobgoblins (D:1)
  4 jackals (D:2)
  A quokka (D:3)
  3 frilled lizards
  5 kobolds
  4 rats
46 creatures vanquished.

Notes
Turn   | Place    | Note
-------+----------+-------------------------------------------
     0 | D:1      | ANON1729 the Gargoyle Fighter began the quest for the Orb.
     0 | D:1      | Reached XP level 1. HP: 14/14 MP: 1/1
   253 | D:1      | Reached XP level 2. HP: 19/19 MP: 2/2
   774 | D:1      | Reached XP level 3. HP: 23/23 MP: 3/3
  1228 | D:2      | Found an iron altar of Okawaru.
  1333 | D:2      | Reached XP level 4. HP: 27/29 MP: 4/4
  1905 | D:3      | Found a radiant altar of Vehumet.
  2063 | D:3      | Killed from afar by an orc wizard

Illustrated notes

Levels and vault maps discovered:
D:1:      dpeg_cavernosity, layout_basic
D:2:      layout_basic, lemuel_doored_altar, minmay_nonomino_d4
D:3:      layout_rooms, vehumet_crystals, old_standard_altar

Skill      XL: |  1  2  3  4 |
---------------+-------------+-----
Long Blades    | 2 |  2.7
Fighting       | 4 |  4.2
Shields        | 4 |  4.0
Armour         | 4 |  4.1

Action                   |  1- 3 |  4- 6 || total
-------------------------+-------+-------++-------
Melee: Long sword        |   129 |    79 ||   208
Armor: Scale mail        |    63 |    64 ||   127
Dodge: Dodged            |    43 |    31 ||    74
Block: Kite shield       |    73 |    61 ||   134
       Rpst.: Long sword |    15 |    10 ||    25

Table legend: (Time is in decaauts)
 A = Elapsed time spent in this place.
 B = Non-inter-level travel time spent in this place.
 C = Inter-level travel time spent in this place.
 D = Time resting spent in this place.
 E = Time spent auto-exploring this place.
 F = Levels seen in this place.
 G = Mean time per level.
                   A        B        C        D        E       F      G
               +--------+--------+--------+--------+--------+-----+--------+
         Total |   2140 |   2074 |     66 |    222 |   1450 |   3 |  713.3 |
       Dungeon |   2140 |   2074 |     66 |    222 |   1450 |   3 |  713.3 |
               +--------+--------+--------+--------+--------+-----+--------+

Top non-repeatable levels by time:
     D:2: 1025 daAuts
     D:1: 933 daAuts
     D:3: 182 daAuts
